 Dungeon Crawl Stone Soup version 0.25.0-9-g26727b657a (webtiles) character file.

Game seed: 18410707631950624398

38982 vurker the Stormcaller (level 14, -10/87 HPs)
             Began as a Tengu Air Elementalist on June 17, 2020.
             Was an Elder of Vehumet.
             Mangled by a death yak (24 damage)
             ... on level 6 of the Lair of Beasts.
             The game lasted 00:38:35 (25800 turns).

vurker the Stormcaller (Tengu Air Elementalist)    Turns: 25800, Time: 00:38:35

Health: -10/87     AC:  8    Str:  8    XL:     14   Next: 4%
Magic:  31/31      EV: 20    Int: 21    God:    Vehumet [****..]
Gold:   377        SH:  5    Dex: 15    Spells: 22/38 levels left

rFire    . . .     SeeInvis .   w - +4 short sword
rCold    + . .     Gourm    .   B - +0 buckler (curse)
rNeg     + . .     Faith    .   y - +2 robe {MR+}
rPois    +         Spirit   .   (helmet restricted)
rElec    +         Reflect  .   a - +0 cloak
rCorr    +         Harm     .   o - +0 pair of gloves
MR       ++++.                  (boots unavailable)
Stlth    ++........             A - amulet of regeneration
HPRegen  0.64/turn              H - ring "Tieh" {rElec rPois rN+ MR+ rCorr}
MPRegen  0.22/turn              z - ring of protection from magic

@: flying quickly and evasively, quick
A: beak, talons 3, repulsion field 1, slimy green scales 1, cold resistance 1,
able to fly
a: Stop Flying, Renounce Religion


You were on level 6 of the Lair of Beasts.
You worshipped Vehumet.
Vehumet was greatly pleased with you.
You were not hungry.

You visited 3 branches of the dungeon, and saw 18 of its levels.

You collected 1001 gold pieces.
You spent 624 gold pieces at shops.

Inventory:

Hand Weapons
 w - a +4 short sword (weapon)
   (You took it off an orc on level 8 of the Dungeon)
Armour
 a - a +0 cloak (worn)
   (You found it on level 2 of the Dungeon)
 o - a +0 pair of gloves (worn)
   (You found it on level 4 of the Dungeon)
 y - a +2 robe of magic resistance (worn)
   (You took it off an orc wizard on level 8 of the Dungeon)
 B - a cursed +0 buckler (worn)
   (You took it off Urug on level 10 of the Dungeon)
Jewellery
 s - an uncursed ring of positive energy
   (You found it on level 7 of the Dungeon)
 z - a ring of protection from magic (right hand)
   (You found it on level 9 of the Dungeon)
 A - an amulet of regeneration (around neck)
   (You took it off an orc priest on level 10 of the Dungeon)
 F - an uncursed ring of wizardry
   (You found it on level 11 of the Dungeon)
 H - the ring "Tieh" (left hand) {rElec rPois rN+ MR+ rCorr}
   (You bought it in a shop on level 5 of the Dungeon)

   [ring of resist corrosion]

   It insulates you from electricity.
   It protects you from poison.
   It protects you from negative energy.
   It affects your resistance to hostile enchantments.
   It provides partial protection from all sources of acid and corrosion.
Wands
 c - a wand of disintegration (24)
   (You found it on level 11 of the Dungeon)
 d - a wand of iceblast (7)
   (You took it off Maurice on level 9 of the Dungeon)
 t - a wand of flame (25)
   (You took it off Jessica on level 2 of the Dungeon)
 u - a wand of paralysis (6)
   (You found it on level 1 of the Lair of Beasts)
 x - a wand of acid (8)
   (You found it on level 4 of the Dungeon)
 J - a wand of enslavement (4)
   (You found it on level 2 of the Lair of Beasts)
Scrolls
 f - 3 scrolls of fear
 g - 7 scrolls of identify
 i - 6 scrolls of enchant armour
 j - 5 scrolls of remove curse
 k - 10 scrolls of fog
 l - 4 scrolls of amnesia
 m - 3 scrolls of blinking
 p - a scroll of immolation
 D - 10 scrolls of teleportation
 I - 2 scrolls of magic mapping
 K - a scroll of enchant weapon
 L - a scroll of holy word
Potions
 b - 2 potions of ambrosia
 h - 2 potions of heal wounds
 n - 3 potions of lignification
 q - a potion of cancellation
 r - 6 potions of curing
 v - a potion of resistance
 C - a potion of haste
 M - 2 potions of mutation
Miscellaneous
 E - a phantom mirror
Comestibles
 e - 23 rations


   Skills:
 + Level 9.8 Fighting
 - Level 5.0 Dodging
 - Level 2.0 Stealth
 - Level 4.0 Shields
 * Level 12.7 Spellcasting
 - Level 10.0 Conjurations
 * Level 17.3 Air Magic


You had 22 spell levels left.
You knew the following spells:

 Your Spells              Type           Power        Failure   Level  Hunger
a - Shock                 Conj/Air       ####         0%          1    None
b - Lightning Bolt        Conj/Air       ######....   1%          5    ####...
c - Airstrike             Air            ######....   1%          4    None
d - Iron Shot             Conj/Erth      ####......   24%         6    #####..

Your spell library contained the following spells:

 Spells                   Type           Power        Failure   Level  Hunger
 Freeze                   Ice            ##..         1%          1    None
 Magic Dart               Conj           ####         1%          1    None
 Swiftness                Chrm/Air       #####...     1%          2    None
 Conjure Flame            Conj/Fire      ####....     1%          3    None
 Mephitic Cloud           Conj/Pois/Air  ######..     1%          3    None
 Static Discharge         Conj/Air       ######..     1%          3    None
 Hailstorm                Conj/Ice       ####....     1%          4    None
 Summon Lightning Spire   Summ/Air       #####...     1%          4    None
 Summon Small Mammal      Summ           ##..         4%          1    None
 Frozen Ramparts          Ice            ##....       4%          3    None
 Blink                    Tloc           N/A          8%          2    None
 Call Imp                 Summ           ##......     8%          2    None
 Slow                     Hex            ##......     8%          2    None
 Call Canine Familiar     Summ           ##......     14%         3    None
 Confusing Touch          Hex            ##......     14%         3    None
 Gell's Gravitas          Tloc           ##........   14%         3    None
 Ozocubu's Armour         Chrm/Ice       ##......     14%         3    None
 Summon Guardian Golem    Hex/Summ       ##......     14%         3    None
 Yara's Violent Unravell  Hex/Tmut       ##........   32%         5    ####...
 Petrify                  Tmut/Erth      ##......     43%         4    None
 Summon Ice Beast         Ice/Summ       ##......     43%         4    None
 Metabolic Englaciation   Hex/Ice        ##........   80%         5    ####...


Dungeon Overview and Level Annotations

Branches:
Dungeon (11/15)            Temple (1/1) D:4            Lair (6/6) D:9
 Shoals (0/4) Lair:3        Snake (0/4) Lair:2        Slime (0/5) Lair:5
    Orc (0/2) D:9

Altars:
Ashenzari
Cheibriados
Dithmenos
Elyvilon
Fedhas
Gozag
Hepliaklqana
Kikubaaqudgha
Makhleb
Nemelex Xobeh
Okawaru
Qazlal
Ru
Sif Muna
Trog
Uskayaw
Vehumet
Wu Jian
Xom
Yredelemnul
Zin
The Shining One

Shops:
D:5 *   D:7 ?   D:8 :   D:10 }!(

Annotations:
D:9 1 runed translucent door, Enish's ghost, novice GrNe
Lair:3 2 runed translucent doors, Irhican's ghost, journeyman MiBe
Lair:4 3 runed translucent doors, Kyusiynim's ghost, journeyman GnEn


Innate Abilities, Weirdness & Mutations

You have a beak for a mouth.
You have claws for feet.
You can fly continuously.
You are surrounded by a mild repulsion field. (EV +2)
You are partially covered in slimy green scales. (AC +2)
Your flesh is cold resistant. (rC+)


Message History

The warg bites the plant!
The blink frog blinks!
The wolf completely misses the plant.
The wolf bites the plant.
The warg bites the plant. x2
The plant is destroyed!
The wolf bites the plant!
You see here a weird smoking staff.
G - a weird smoking staff The wolf bites the plant.
The warg bites the plant.
The blink frog blinks!
The wolf misses you.
There is a stone staircase leading up here.
You fly upwards.
There is a stone staircase leading down here.
You can't see any susceptible monsters within range! (Use Z to cast anyway.)
G - an uncursed staff of earth (weapon)
w - a +4 short sword (weapon)
Drop what? 39/52 slots (_ for help) (? for menu, Esc to quit)
You drop an uncursed staff of earth.
There is a stone staircase leading up, spattered with blood here.
There is a stone staircase leading down here.
You start resting.
You fly downwards. 5 death yaks and 5 dream sheep come into view.
The dream sheep bleats! x2; The death yak bellows! x2; The dream sheep bleats!
The death yak bellows! x2
You block the death yak's attack. The death yak gores you!!
The dream sheep are wreathed in dream dust.
You feel drowsy...
You fall asleep.
The dream sheep closely misses you. The death yak misses you.
The death yak gores you!!!
You wake up.
Ouch! That really hurt!
* * * LOW HITPOINT WARNING * * *
The dream sheep misses you.
The death yak bellows!
You hear a trumpeting!
You hear a bellow!
Found a quarterstaff and a pair of gloves.
There is a stone staircase leading up, spattered with blood here.
As you read the scroll of fear, it crumbles to dust.
You assume a fearsome visage.
The dream sheep looks frightened!
The dream sheep bleats in terror.
The dream sheep looks frightened!
The dream sheep bleats in terror.
The dream sheep looks frightened!
The dream sheep bleats in terror.
The dream sheep looks frightened!
The dream sheep stampedes away.
The dream sheep looks frightened!
The dream sheep bleats in terror.
The death yak looks frightened! x3; The death yak resists with some effort. x2
The death yak gores you!!
You die...

#. ######
..###..P.##
..........#
..........#
....Y.....#
....Y.Y...#
......YY..#
.....YY@..#
..)...YYY.#
####[.#...#
########


You could see 5 death yaks and 5 dream sheep.

Vanquished Creatures
  4 hydras
  2 catoblepae (Lair:5)
  Erica (D:10)
  4 two-headed ogres
  Urug (D:10)
  2 oklob plants (Lair:5)
  An ugly thing (D:10)
  2 manticores (Lair:5)
  Maurice (D:9)
  2 merfolk sirens (Lair:3)
  5 elephants (Lair:5)
  A centaur zombie (D:10)
  A black mamba (Lair:4)
  2 gargoyles
  7 spiny frogs
  3 rime drakes
  11 komodo dragons
  A polar bear (Lair:4)
  2 merfolk (Lair:3)
  2 trolls
  Grinder (D:3)
  8 blink frogs
  A dream sheep (D:6)
  5 hippogriffs
  Sigmund (D:5)
  A wraith (D:11)
  3 wyverns
  3 basilisks
  Grum (D:10)
  34 yaks
  2 hungry ghosts
  4 nagas (Lair:2)
  7 water moccasins
  3 black bears
  3 porcupines
  3 orc warriors
  2 sky beasts
  3 phantoms
  3 ogres
  12 wolves
  2 centaurs
  8 crocodiles
  4 big kobolds
  Blork the orc (D:5)
  17 bullfrogs
  A wyvern zombie (D:10)
  3 gnoll sergeants
  3 scorpions
  17 wights
  3 killer bees (D:11)
  3 vampire bats (D:3)
  7 howler monkeys
  3 crimson imps
  4 hounds
  3 jellies
  9 orc priests
  A gnoll shaman (D:7)
  2 bullfrog skeletons
  A centaur skeleton (D:11)
  11 iguanas
  Jessica (D:2)
  15 orc wizards
  11 worker ants
  3 hound zombies
  A hound skeleton (D:4)
  2 worker ant zombies
  25 gnolls
  6 adders
  3 shadow imps
  A white imp (D:6)
  2 oozes
  An adder zombie (D:9)
  2 worms (D:5)
  4 dart slugs
  6 leopard geckos
  33 orcs
  2 ball pythons
  4 bat skeletons (D:3)
  A bat zombie (D:3)
  5 giant cockroaches
  10 goblins
  3 hobgoblins
  12 jackals
  7 quokkas
  4 bats (D:3)
  7 frilled lizards
  A giant cockroach zombie (D:5)
  24 kobolds
  A quokka skeleton (D:7)
  7 rats
462 creatures vanquished.

Vanquished Creatures (others)
  4 dream sheep (D:6)
  4 fungi
  12 plants
20 creatures vanquished.

Grand Total: 482 creatures vanquished

Notes
Turn   | Place    | Note
-------+----------+-------------------------------------------
     0 | D:1      | vurker the Tengu Air Elementalist began the quest for the
                  | Orb.
     0 | D:1      | Reached XP level 1. HP: 10/10 MP: 4/4
   376 | D:1      | Reached XP level 2. HP: 15/15 MP: 0/6
   902 | D:2      | Found a sparkling altar of Nemelex Xobeh.
   949 | D:2      | Reached XP level 3. HP: 20/20 MP: 3/7
  1062 | D:2      | Gained mutation: You are partially covered in slimy green
                  | scales. (AC +2) [potion of mutation]
  1062 | D:2      | Gained mutation: You are surrounded by a mild repulsion
                  | field. (EV +2) [potion of mutation]
  1062 | D:2      | Gained mutation: Your flesh is cold resistant. (rC+)
                  | [potion of mutation]
  1211 | D:2      | Noticed Jessica
  1220 | D:2      | Killed Jessica
  1220 | D:2      | Reached skill level 1 in Fighting
  1220 | D:2      | Reached skill level 5 in Air Magic
  1220 | D:2      | Reached XP level 4. HP: 25/25 MP: 4/9
  1500 | D:2      | Found a sacrificial altar of Ru.
  2015 | D:2      | Gained mutation: You can fly continuously. [Tengu growth]
  2015 | D:2      | Reached XP level 5. HP: 22/29 MP: 1/10
  2028 | D:2      | Learned a level 5 spell: Lightning Bolt
  2033 | D:2      | Learned a level 4 spell: Airstrike
  2777 | D:3      | Noticed Grinder
  2950 | D:3      | Paralysed by Grinder for 4 turns
  2981 | D:3      | Killed Grinder
  2981 | D:3      | Reached skill level 6 in Air Magic
  2981 | D:3      | Reached XP level 6. HP: 27/35 MP: 5/13
  3194 | D:3      | Found an ancient bone altar of Kikubaaqudgha.
  3203 | D:3      | Reached XP level 7. HP: 40/40 MP: 7/14
  3391 | D:3      | Found a hazy altar of Hepliaklqana.
  3559 | D:4      | Reached skill level 7 in Air Magic
  3929 | D:4      | Found a staircase to the Ecumenical Temple.
  3978 | Temple   | Entered the Ecumenical Temple
  4136 | D:4      | Found a stormy altar of Qazlal.
  4137 | D:4      | Found a shattered altar of Ashenzari.
  4160 | D:4      | Found a basalt altar of Yredelemnul.
  4385 | D:5      | Entered Level 5 of the Dungeon
  4614 | D:5      | Noticed Sigmund
  4618 | D:5      | Killed Sigmund
  4626 | D:5      | Reached skill level 5 in Spellcasting
  4626 | D:5      | Reached XP level 8. HP: 31/46 MP: 1/16
  5007 | D:5      | Found Tuoxuh's General Store.
  5068 | D:5      | Reached skill level 5 in Conjurations
  5068 | D:5      | Reached skill level 8 in Air Magic
  5266 | D:5      | Noticed Blork the orc
  5277 | D:5      | Killed Blork the orc
  5462 | D:5      | Found a radiant altar of Vehumet.
  5480 | D:5      | Became a worshipper of Vehumet
  6254 | D:6      | Found a glowing silver altar of Zin.
  6281 | D:6      | Reached skill level 9 in Air Magic
  6968 | D:6      | Noticed a dream sheep
  6968 | D:6      | Noticed a dream sheep
  6968 | D:6      | Noticed a dream sheep
  6968 | D:6      | Noticed a dream sheep
  6968 | D:6      | Noticed a dream sheep
  6968 | D:6      | Found a shimmering altar of Xom.
  6972 | D:6      | Killed a dream sheep
  6972 | D:6      | Killed a dream sheep
  6972 | D:6      | Killed a dream sheep
  6973 | D:6      | Killed a dream sheep
  6976 | D:6      | Killed a dream sheep
  7230 | D:7      | Noticed a hippogriff
  7232 | D:7      | Killed a hippogriff
  7232 | D:7      | Reached XP level 9. HP: 52/52 MP: 10/19
  7480 | D:7      | Reached * piety under Vehumet
  7480 | D:7      | Offered knowledge of Sandblast by Vehumet.
  7594 | D:7      | Found a glowing golden altar of the Shining One.
  7617 | D:7      | Found Akhlaocso's Magic Scroll Emporium.
  8167 | D:7      | Found a shimmering blue altar of Sif Muna.
  8231 | D:7      | Reached skill level 10 in Air Magic
  8740 | D:7      | Found a glowing golden altar of the Shining One.
  9157 | D:7      | Found Akhlaocso's Magic Scroll Emporium.
  9378 | D:7      | Found a shimmering blue altar of Sif Muna.
  9656 | D:8      | Reached ** piety under Vehumet
  9660 | D:8      | Offered knowledge of Freeze by Vehumet.
  9873 | D:8      | Reached skill level 5 in Fighting
  9982 | D:8      | Found a hide-covered altar of Uskayaw.
 10047 | D:8      | Noticed a troll
 10065 | D:8      | Killed a troll
 10065 | D:8      | Reached skill level 11 in Air Magic
 10128 | D:8      | Reached XP level 10. HP: 45/59 MP: 12/22
 10290 | D:8      | Offered knowledge of Ignite Poison by Vehumet.
 10437 | D:8      | Found Vaimash's Book Shoppe.
 10955 | D:8      | Found a burning altar of Makhleb.
 11318 | D:9      | Reached *** piety under Vehumet
 11755 | D:9      | Noticed a two-headed ogre
 11761 | D:9      | Killed a two-headed ogre
 11761 | D:9      | Reached skill level 12 in Air Magic
 11965 | D:9      | Found a runed translucent door.
 11965 | D:9      | Noticed Enish's ghost (novice GrNe)
 12082 | D:9      | Found a staircase to the Orcish Mines.
 12269 | D:9      | Found a staircase to the Lair.
 12365 | D:9      | Noticed Maurice
 12370 | D:9      | Killed Maurice
 12719 | D:10     | Entered Level 10 of the Dungeon
 12724 | D:10     | Noticed a two-headed ogre
 12742 | D:10     | Killed a two-headed ogre
 12742 | D:10     | Reached XP level 11. HP: 66/66 MP: 1/25
 13047 | D:10     | Reached skill level 13 in Air Magic
 13130 | D:10     | Found Bohup's Distillery.
 13272 | D:10     | Offered knowledge of Dazzling Flash by Vehumet.
 13381 | D:10     | Found Obbarch's Gadget Shoppe.
 14126 | D:10     | Reached **** piety under Vehumet
 14211 | D:10     | Offered knowledge of Stone Arrow by Vehumet.
 14268 | D:10     | Noticed Urug
 14279 | D:10     | Found Ciongage's Antique Weapon Emporium.
 14416 | D:10     | Noticed Grum
 14577 | D:10     | Noticed Erica
 14582 | D:10     | Killed Erica
 14609 | D:10     | Killed Grum
 14851 | D:10     | Killed Urug
 15006 | D:11     | Reached skill level 10 in Spellcasting
 15127 | D:11     | Noticed a two-headed ogre
 15132 | D:11     | Killed a two-headed ogre
 15310 | D:10     | Reached skill level 1 in Shields
 15310 | D:10     | Reached skill level 14 in Air Magic
 15593 | D:11     | Reached skill level 10 in Conjurations
 15634 | D:11     | Noticed a brown ugly thing
 15650 | D:10     | Killed a brown ugly thing
 15650 | D:10     | Reached XP level 12. HP: 55/72 MP: 9/27
 16088 | D:11     | Noticed a two-headed ogre
 16092 | D:11     | Killed a two-headed ogre
 17101 | D:11     | Noticed a seven-headed hydra
 17115 | D:11     | Killed a seven-headed hydra
 17115 | D:11     | Reached ***** piety under Vehumet
 17115 | D:11     | Offered knowledge of Starburst by Vehumet.
 17243 | D:5      | Bought the ring "Tieh" {rElec rPois rN+ MR+ rCorr} for 624
                  | gold pieces
 17320 | Lair:1   | Entered Level 1 of the Lair of Beasts
 17996 | Lair:1   | Reached skill level 5 in Dodging
 17996 | Lair:1   | Reached skill level 15 in Air Magic
 19528 | Lair:2   | Found a staircase to the Snake Pit.
 19537 | Lair:2   | Reached XP level 13. HP: 79/79 MP: 22/29
 20771 | Lair:3   | Found a large runed translucent door.
 20771 | Lair:3   | Found a large runed translucent door.
 21087 | Lair:3   | Found a staircase to the Shoals.
 21206 | Lair:3   | Reached skill level 16 in Air Magic
 21936 | Lair:3   | Noticed Irhican's ghost (journeyman MiBe)
 21937 | Lair:3   | Found the +3 hat of Pondering {ponderous, MR+ MP+10 Int+5}
 22252 | Lair:4   | Found a runed translucent gate.
 22296 | Lair:4   | Found a runed translucent gate.
 22296 | Lair:4   | Noticed Kyusiynim's ghost (journeyman GnEn)
 22297 | Lair:4   | Found a runed translucent gate.
 24554 | Lair:5   | Offered knowledge of Iron Shot by Vehumet.
 24555 | Lair:5   | Reached skill level 17 in Air Magic
 24663 | Lair:5   | Learned a level 6 spell: Iron Shot
 25436 | Lair:5   | Found a staircase to the Slime Pits.
 25595 | Lair:6   | Entered Level 6 of the Lair of Beasts
 25597 | Lair:6   | Reached XP level 14. HP: 87/87 MP: 24/31
 25800 | Lair:6   | Mangled by a death yak

Illustrated notes

Levels and vault maps discovered:
D:1:      dpeg_arrival_round_b, layout_basic, minmay_tetromino_i2
D:2:      layout_loops_ring, nicolae_overflow_hidden_temple,
          nemelex_xobeh_ov_fountains_minmay, uniq_jessica
D:3:      kennysheep_the_goblin_king, layout_rooms, kennysheep_vampire_church,
          marbit_many_paths, chequers_jeans, uniq_grinder
D:4:      layout_cave_pools, chequers_temple_overflow_statue_of_worship,
          minmay_temple_entry_poolview, first_ration, serial_bayou_lake_a
D:5:      layout_loops_ring, fiery_altar_vehumet, serial_shops, shop,
          uniq_sigmund, uniq_blork_the_orc
D:6:      layout_gridville, kb_xom_exploding_sheep, old_standard_altar,
          minmay_stone_trees_small, minmay_fire_ice_demons
D:7:      cheibrodos_helix_gallery, layout_basic, lemuel_doored_altar,
          basic_altar, serial_shops, nicolae_shop_statue_plus
D:8:      layout_rooms, old_standard_altar, old_standard_altar, serial_shops,
          nicolae_shop_temple_entry_statues_fountains
D:9:      layout_long_grid, grunt_lair_entry_orc_guard_hut, orc_0_dummy,
          gammafunk_ghost_grave, uniq_maurice
D:10:     layout_big_octagon, serial_shops, shop, shop_statue, shop, uniq_grum,
          uniq_erica, uniq_urug
D:11:     layout_basic, grunt_ogre_cave
Temple:   nicolae_temple_figure_zero
Lair:1:   layout_gridlike, serial_bayou_crossing
Lair:2:   beast_lair_carwin_large_4, layout_long_grid,
          guppyfry_snake_entry_garden, chequers_serial_rivers_room_a
Lair:3:   layout_regular_city, elwin_shoals_entry_stream,
          gauntlet_entry_generic, ebering_ghost_disaster_area,
          grunt_megastairs_2
Lair:4:   layout_roguey, gammafunk_ghost_split
Lair:5:   nzn_motion_control, layout_loops_ring,
          minmay_slime_entry_oklob_enclosed, nicolae_lair_grove_arrangements,
          serial_bayou_pond_e, lemuel_fruit_fields
Lair:6:   hangedman_lair_tendril_chambers, layout_hall_layers,
          hangedman_lair_caniforms_friends, chequers_serial_rivers_small_b

Skill      XL: |  1  2  3  4  5  6  7  8  9 10 11 12 13 |
---------------+----------------------------------------+-----
Conjurations   | 2 3 4 6 7 8 10 | 10.0
Fighting       | 1 2 3 4 5 6 7 8 9 |  9.8
Air Magic      | 5 6 7 9 11 12 14 15 17 | 17.3
Spellcasting   | 3 4 5 6 7 9 10 11 12 | 12.7
Dodging        | 3 5 |  5.0
Shields        | 1 4 |  4.0
Stealth        | |  2.0

Action                   |  1- 3 |  4- 6 |  7- 9 | 10-12 | 13-15 || total
-------------------------+-------+-------+-------+-------+-------++-------
Melee: Unarmed           |     9 |     3 |       |       |       ||    12
       Kick              |     2 |       |       |     2 |     2 ||     6
       Peck              |     1 |     1 |       |       |     1 ||     3
       Short sword       |       |       |       |     6 |    10 ||    16
 Cast: Shock             |    46 |   119 |   324 |   429 |    20 ||   938
       Airstrike         |       |       |    18 |   240 |   198 ||   456
       Lightning Bolt    |       |       |       |     6 |    16 ||    22
 Abil: Fly               |       |     1 |       |       |       ||     1
Evoke: Wand              |       |       |       |       |     4 ||     4
  Use: Potion            |     3 |     2 |       |       |       ||     5
       Scroll            |       |       |    13 |     3 |     3 ||    19
  Eat: Chunk             |     1 |     6 |    16 |    39 |    14 ||    76
       Ration            |       |       |     2 |       |     2 ||     4
Armor: Robe              |     1 |     9 |    14 |    15 |     7 ||    46
Dodge: Dodged            |    12 |    53 |    61 |    95 |    74 ||   295
Block: Buckler           |       |       |       |     6 |    18 ||    24
